 Seeded DCSS version 0.29.1-12-g30fa7ad0bf (webtiles) character file.

Game seed: 20230110 (custom seed)

84537 stormannn the Brawler (level 15, -52/118 (153) HPs)
             Began as a Troll Fighter on Jan 10, 2023.
             Was the Champion of Makhleb.
             Annihilated by stormannn's illusion (illusionary) (67 damage)
             ... woven by Mara
             ... on level 2 of the Spider Nest.
             The game lasted 01:21:24 (19764 turns).

stormannn the Brawler (Troll Fighter)              Turns: 19764, Time: 01:21:25

HP:   -52/118 (153) AC: 13    Str: 28    XL:     15   Next: 35%
MP:   14/14         EV: 14    Int:  4    God:    Makhleb [******]
Gold: 1526          SH: 17    Dex: 15    Spells: 14/14 levels left

rFire   . . .      SeeInvis .     - Unarmed
rCold   + . .      Faith    .   b - +0 kite shield
rNeg    + . .      Spirit   .   R - +4 troll leather armour
rPois   .          Reflect  +   (helmet restricted)
rElec   .          Harm     .   B - +2 cloak
rCorr   .          Rampage  .   (gloves unavailable)
Will    +....                   (boots unavailable)
Stlth   +.........              l - amulet of reflection
HPRegen 1.89/turn               s - ring of Ygono {rC+ rN+}
MPRegen 0.14/turn               H - ring of flight

@: on berserk cooldown, flying, hasted and slowed, heavily drained
A: large, unfitting armour, claws 3, regeneration 1, shaggy fur 1, tough skin 1
a: Renounce Religion, Minor Destruction, Lesser Servant of Makhleb, Major
Destruction, Greater Servant of Makhleb


You were on level 2 of the Spider Nest.
You worshipped Makhleb.
Makhleb was exalted by your worship.
You visited 4 branches of the dungeon, and saw 22 of its levels.
You also visited: Ossuary, Bailey and Volcano.

You collected 2102 gold pieces.
You spent 576 gold pieces at shops.

Inventory:

Hand Weapons
 u - the +11 war axe "Yptuydghi" {freeze, Drain rPois rCorr Int+10 Stlth-}
   (You found it on level 5 of the Dungeon)

   It freezes those it strikes, dealing additional cold damage.
   It can also slow down cold-blooded creatures.
   Int:       It affects your intelligence (+10).
   rPois:     It protects you from poison.
   rCorr:     It protects you from acid and corrosion.
   Drain:     It drains your maximum health when unequipped.
   Stlth:     It makes you less stealthy.
 L - the +5 long sword "Impbane" {freeze, +Blink Str+2}
   (You found it on level 11 of the Dungeon)

   It freezes those it strikes, dealing additional cold damage.
   It can also slow down cold-blooded creatures.
   Str:       It affects your strength (+2).
   +Blink:    It lets you blink.
Missiles
 y - 22 poisoned darts (quivered)
 O - 2 throwing nets
Armour
 b - a +0 kite shield (worn)
 f - an orb of light
 B - a +2 cloak (worn)
 I - the +0 robe "Xosk" {rPois}
   (You found it on level 9 of the Dungeon)

   rPois:     It protects you from poison.
 R - a +4 troll leather armour (worn)
Jewellery
 g - a ring of resist corrosion
 l - an amulet of reflection (around neck)
 s - the ring of Ygono (left claw) {rC+ rN+}
   (You found it on level 10 of the Dungeon)

   [ring of positive energy]

   rC:        It protects you from cold.
   rN:        It protects you from negative energy.
 F - a ring of ice
 H - a ring of flight (right claw)
Wands
 j - a wand of flame (52)
 o - a wand of light (23)
 C - a wand of polymorph (9)
 G - a wand of charming (19)
 P - a wand of roots (8)
Scrolls
 k - 12 scrolls of teleportation
 m - 4 scrolls of magic mapping
 n - 5 scrolls of amnesia
 t - 4 scrolls of fear
 w - 3 scrolls of poison
 z - 3 scrolls of blinking
 D - 9 scrolls of noise
 E - 6 scrolls of immolation
 J - a scroll of brand weapon
 M - 7 scrolls of identify
 N - a scroll of enchant weapon
 U - a scroll of fog
Potions
 c - 7 potions of mutation
 d - 7 potions of curing
 e - 2 potions of lignification
 h - 2 potions of cancellation
 i - 3 potions of heal wounds
 p - 3 potions of brilliance
 q - a potion of haste
 v - a potion of ambrosia
 x - a potion of attraction
 A - 4 potions of magic
 K - 2 potions of resistance
Miscellaneous
 V - a tin of tremorstones (inert)


   Skills:
 + Level 11.1 Fighting
 + Level 11.0 Dodging
 + Level 11.9 Shields
 * Level 19.4 Unarmed Combat


You had 14 spell levels left.
You didn't know any spells.
Your spell library contained the following spells:

 Spells                   Type           Power      Damage    Failure   Level
 Apportation              Tloc           0%         N/A       75%         1
 Freeze                   Ice            0%         1d3       75%         1
 Magic Dart               Conj           0%         1d3       75%         1
 Necrotise                Necr           0%         1d4       75%         1
 Sting                    Tmut/Pois      0%         1d3       75%         1
 Summon Small Mammal      Summ           0%         N/A       75%         1
 Call Imp                 Summ           0%         N/A       86%         2
 Ensorcelled Hibernation  Hex/Ice        0%         N/A       86%         2
 Poisonous Vapours        Pois/Air       0%         N/A       86%         2
 Static Discharge         Conj/Air       0%         3-3/arc   86%         2
 Confusing Touch          Hex            0%         N/A       98%         3
 Frozen Ramparts          Ice            0%         1d1       98%         3
 Ignite Poison            Fire/Tmut/Pois 0%         N/A       98%         3
 Inner Flame              Hex/Fire       0%         N/A       98%         3
 Mephitic Cloud           Conj/Pois/Air  0%         N/A       98%         3
 Cause Fear               Hex            0%         N/A       100%        4
 Dispel Undead            Necr           0%         3d6       100%        4
 Hailstorm                Conj/Ice       0%         3d3       100%        4
 Ice Form                 Ice/Tmut       0%         N/A       100%        4
 Olgreb's Toxic Radiance  Pois           0%         N/A       100%        4
 Sticky Flame             Conj/Fire      0%         2d3       100%        4
 Summon Ice Beast         Ice/Summ       0%         N/A       100%        4
 Alistair's Intoxication  Tmut/Pois      0%         N/A       100%        5
 Freezing Cloud           Conj/Ice/Air   0%         6-21      100%        5
 Yara's Violent Unravell  Hex/Tmut       0%         3d3       100%        5
 Enfeeble                 Hex            0%         N/A       100%        7
 Discord                  Hex            0%         N/A       100%        8


Dungeon Overview and Level Annotations

Branches:
Dungeon (12/15)            Temple (0/1) D:7            Lair (5/5) D:8
  Swamp (0/4) Lair:3       Spider (3/4) Lair:2        Slime (0/5) Lair:4
    Orc (2/2) D:10            Elf (0/3) Orc:2       Ossuary (visited)
 Bailey (visited)         Volcano (visited)

Altars:
Cheibriados
Elyvilon
Fedhas
Makhleb
Qazlal
Ru
Uskayaw
Wu Jian
Xom
Yredelemnul
Jiyva

Shops:
D:1 *   D:11 !   Orc:1 (   Orc:2 (::*[

Annotations:
D:4 3 runed translucent doors, hawla's ghost, weakling MeIE
D:10 exclusion: downstairs
D:11 3 runed translucent doors, Lodul; elisander's ghost, journeyman FoFi
Lair:4 2 runed translucent doors, Lutefisk's ghost, journeyman MfGl
Spider:2 Mara
Orc:1 2 transporters, Girueck's ghost, journeyman DEFE


Innate Abilities, Weirdness & Mutations

You are too large for most types of armour.
You have claws for hands.
Your natural rate of healing is unusually fast.
You are covered in fur. (AC +1)
You have tough skin. (AC +1)


Message History

Mara hits you with a +0 demon blade of draining!
* * * LOW HITPOINT WARNING * * *
You partially resist.
You feel drained. Mara hits you but does no damage. You partially resist.
You closely miss Mara.
Mara is heavily wounded.
You claw Mara!
Mara is heavily wounded.
You block Mara's attack.
Mara blinks!
You claw Mara!
Mara is severely wounded.
You eviscerate Mara!!!
You kill Mara!
Mara shimmers and vanishes!
Mara shimmers.
Mara shimmers and seems to become two!
You block Mara's attack.
Items here: )) [[ ††.
You mangle Mara!!
Mara is almost dead.
Mara weaves an illusion.
Mara gestures at you.
There is a horrible, sudden wrenching feeling in your soul!
You closely miss Mara.
Mara is almost dead.
You eviscerate Mara!!!
You kill Mara!
Mara shimmers and vanishes!
Mara blinks! x2
Mara blinks!
There is a stone staircase leading down, spattered with blood here.
You barely miss Mara.
Mara is almost dead.
You miss Mara.
Mara is almost dead.
You miss Mara.
Mara is almost dead.
You are no longer berserk.
You are exhausted.
You feel yourself slow down. Stormannn's illusion hits you!!!
Ouch! That really hurt!
You die...

#......~≈≈≈≈≈≈~#^
#....#~≈≈≈≈≈#≈≈..
#....~≈≈#≈≈#≈≈##. ###
#.^.#≈#≈≈≈≈≈≈~##. ### #.##
#####....#≈≈≈#≈≈##...
#.####..###.#^.....~≈≈######...
##....#..^......[..##≈≈≈# #...
##.............[@)^..~≈≈≈##
###.
#.............#[@R.#.≈≈≈≈≈# ##
^....##..#.^#.###R^≈≈≈≈≈≈≈# #
.[....######### ###≈≈≈≈≈≈≈#
..#...#.## ####≈####
......#.[#### ###
..##......^.## .......^.....#
#............# ###
..#..........## #####^#


You could see 2 Maras and stormannn's illusion (berserk, fast).

Vanquished Creatures
  An emperor scorpion (Spider:1)
  A ghost moth (Spider:2)
  2 orc warlords
  A dire elephant (Lair:4)
  A red draconian (Volcano)
  An entropy weaver (Spider:2)
  Fannar (Orc:1)
  A hydra (Lair:4)
  A jorogumo (Spider:2)
  A catoblepas (Lair:5)
  2 two-headed ogres
  A centaur warrior (Volcano)
  20 death yaks
  Urug (Orc:2)
  An orc high priest (Orc:2)
  2 sun moths (Spider:2)
  3 orb spiders (Spider:2)
  2 steelbarb worms
  2 orc knights (Orc:2)
  3 wolf spiders (Spider:2)
  8 orc sorcerers
  21 elephants
  2 moths of wrath (Spider:2)
  A cyclops (Orc:1)
  A manticore (D:10)
  Maurice (D:11)
  6 black mambas
  Maggie (D:8)
  12 cane toads
  4 rime drakes
  A yaktaur (Volcano)
  7 komodo dragons
  6 meliai
  8 tarantellas
  8 trolls
  3 slime creatures (Lair:4)
  Prince Ribbit (D:5)
  4 hornets
  6 polar bears
  8 blink frogs
  6 dream sheep (Lair:5)
  Sigmund (D:7)
  A wraith (D:11)
  3 culicivoras
  A shadow (D:9)
  4 jumping spiders (Spider:2)
  3 wyverns
  66 yaks
  A basilisk (Lair:2)
  A steam dragon (D:9)
  3 vampire mosquitoes (Lair:3)
  11 redbacks (Spider:2)
  5 wargs
  Edmund (D:7)
  11 water moccasins
  Duvessa (D:6)
  34 orc warriors
  2 black bears
  13 ogres
  17 wolves
  4 centaurs
  2 phantoms
  14 bullfrogs
  A scorpion (D:7)
  4 wights (D:9)
  A gnoll sergeant (D:8)
  Dowan (D:6)
  18 killer bees
  2 electric eels (Spider:2)
  2 howler monkeys
  A centaur zombie (Ossuary)
  4 jellies
  10 orc priests
  6 hounds
  2 human zombies (Ossuary)
  2 gnoll boudas
  Ijyb (D:3)
  Terence (D:3)
  8 iguanas
  22 orc wizards
  3 mummies (Ossuary)
  Robin (D:3)
  17 gnolls
  5 adders
  A shadow imp (D:8)
  3 white imps
  An ufetubus (D:6)
  A worm (D:3)
  2 dart slugs
  53 orcs
  6 bats
  6 endoplasms
  2 giant cockroaches
  23 goblins
  22 hobgoblins
  2 jackals (D:3)
  A quokka (D:5)
  6 ball pythons
  3 frilled lizards
  3 goblin zombies (Ossuary)
  A hobgoblin zombie (Ossuary)
  6 kobolds
  An orc zombie (Ossuary)
  6 rats
  A spectral kobold (D:1)
624 creatures vanquished.

Vanquished Creatures (collateral kills)
  A yaktaur (Volcano)
  3 centaurs (Volcano)
4 creatures vanquished.

Vanquished Creatures (others)
  2 bushes (Lair:5)
  34 fungi
  73 plants
109 creatures vanquished.

Grand Total: 737 creatures vanquished

Notes
Turn   | Place    | Note
-------+----------+-------------------------------------------
     0 | D:1      | stormannn the Troll Fighter began the quest for the Orb.
     0 | D:1      | Reached XP level 1. HP: 22/22 MP: 0/0
    43 | D:1      | Found Zatwa's Assorted Antiques.
   100 | D:1      | Reached XP level 2. HP: 29/29 MP: 1/1
   371 | D:1      | Found a faded altar of an unknown god.
   640 | D:1      | Prayed at the altar of an unknown god.
   640 | D:1      | Became a worshipper of Makhleb the Destroyer
   640 | D:1      | Reached * piety under Makhleb
   838 | D:2      | Reached XP level 3. HP: 36/36 MP: 2/2
   840 | D:2      | Found a stormy altar of Qazlal.
  1149 | D:2      | Reached skill level 3 in Unarmed Combat
  1163 | D:2      | Reached XP level 4. HP: 21/44 MP: 3/3
  1267 | D:2      | Reached ** piety under Makhleb
  1352 | D:3      | Noticed Ijyb
  1360 | D:3      | Killed Ijyb
  1658 | D:3      | Noticed Robin
  1681 | D:3      | Reached XP level 5. HP: 37/53 MP: 4/4
  1695 | D:3      | Killed Robin
  1772 | D:3      | Noticed an ogre
  1796 | D:3      | Killed an ogre
  1797 | D:3      | Reached skill level 4 in Unarmed Combat
  1839 | D:3      | Reached XP level 6. HP: 49/61 MP: 5/5
  1914 | D:3      | Noticed Terence
  1919 | D:3      | Killed Terence
  1986 | D:3      | Identified a scroll of acquirement
  1986 | D:3      | Acquired a manual of Unarmed Combat
  2000 | D:4      | Reached skill level 5 in Unarmed Combat
  2007 | D:4      | Found a hide-covered altar of Uskayaw.
  2045 | D:4      | Found a stormy altar of Qazlal.
  2098 | D:4      | Found an ornate altar of the Wu Jian Council.
  2176 | D:4      | Reached *** piety under Makhleb
  2210 | D:4      | Reached XP level 7. HP: 57/68 MP: 6/6
  2413 | D:4      | Reached skill level 6 in Unarmed Combat
  2492 | D:4      | Found a runed translucent gate.
  2493 | D:4      | Found a runed translucent gate.
  2493 | D:4      | Found a runed translucent gate.
  2494 | D:4      | Noticed hawla's ghost (weakling MeIE)
  2580 | D:5      | Entered Level 5 of the Dungeon
  2658 | D:5      | Identified the +11 war axe "Yptuydghi" {freeze, Drain rPois
                  | rCorr Int+10 Stlth-}
  2787 | D:5      | Reached skill level 7 in Unarmed Combat
  3114 | D:5      | Got Vafeenwu's Handbook of the Blizzard
  3278 | D:5      | Noticed Prince Ribbit
  3294 | D:5      | Killed Prince Ribbit
  3295 | D:5      | Reached skill level 8 in Unarmed Combat
  3295 | D:5      | Reached XP level 8. HP: 36/79 MP: 1/7
  3832 | D:6      | Reached **** piety under Makhleb
  4015 | D:6      | Noticed Dowan
  4015 | D:6      | Noticed Duvessa
  4030 | D:6      | Killed Duvessa
  4031 | D:6      | Reached skill level 5 in Shields
  4036 | D:6      | Killed Dowan
  4037 | D:6      | Reached skill level 9 in Unarmed Combat
  4267 | D:6      | Found a sacrificial altar of Ru.
  4267 | D:6      | Found a burning altar of Makhleb.
  4267 | D:6      | Found a basalt altar of Yredelemnul.
  4267 | D:6      | Found a blossoming altar of Fedhas.
  4267 | D:6      | Found a white marble altar of Elyvilon.
  4307 | D:6      | Found a shimmering altar of Xom.
  4557 | D:7      | Reached skill level 5 in Fighting
  4580 | D:7      | Found a staircase to the Ecumenical Temple.
  4588 | D:7      | Reached skill level 5 in Dodging
  4610 | D:7      | Reached skill level 10 in Unarmed Combat
  4610 | D:7      | Reached XP level 9. HP: 88/88 MP: 8/8
  4803 | D:7      | Found a sand-covered staircase.
  4815 | Ossuary  | Entered an ossuary
  4936 | Ossuary  | Reached ***** piety under Makhleb
  5157 | D:7      | Reached skill level 11 in Unarmed Combat
  5252 | D:7      | Noticed Sigmund
  5252 | D:7      | Noticed Edmund
  5264 | D:7      | Killed Sigmund
  5277 | D:7      | Killed Edmund
  5818 | D:8      | Found a staircase to the Lair.
  5822 | D:8      | Noticed Maggie
  5833 | D:8      | Killed Maggie
  5887 | D:8      | Reached skill level 12 in Unarmed Combat
  5903 | D:8      | Reached XP level 10. HP: 48/98 MP: 2/9
  6001 | D:8      | Found a snail-covered altar of Cheibriados.
  6419 | D:9      | Reached skill level 13 in Unarmed Combat
  6624 | D:9      | Identified the +0 robe "Xosk" {rPois}
  6677 | D:9      | Found a flagged portal.
  6733 | Bailey   | Entered a bailey
  7099 | Bailey   | Noticed an orc warlord
  7204 | D:9      | Reached skill level 14 in Unarmed Combat
  7440 | D:9      | Reached XP level 11. HP: 99/107 MP: 10/10
  7629 | D:10     | Entered Level 10 of the Dungeon
  7639 | D:10     | Identified the ring of Ygono {rC+ rN+}
  7805 | D:10     | Found a staircase to the Orcish Mines.
  7823 | D:10     | Noticed a two-headed ogre
  7854 | D:10     | Killed a two-headed ogre
  7971 | D:10     | Reached ****** piety under Makhleb
  8348 | D:11     | Noticed Lodul
  8386 | D:11     | Identified the +5 long sword "Impbane" {freeze, +Blink
                  | Str+2}
  8709 | D:11     | Found a runed translucent gate.
  8710 | D:11     | Found a runed translucent gate.
  8710 | D:11     | Found a runed translucent gate.
  8720 | D:11     | Noticed elisander's ghost (journeyman FoFi)
  8815 | D:11     | Noticed Maurice
  8820 | D:11     | Killed Maurice
  8903 | D:11     | Found Yteq's Distillery.
  8911 | D:11     | Bought 2 potions of haste for 220 gold pieces
  8911 | D:11     | Bought a potion of heal wounds for 55 gold pieces
  8911 | D:11     | Bought a potion of curing for 33 gold pieces
  8911 | D:11     | Bought a potion of curing for 33 gold pieces
  8911 | D:11     | Bought 2 potions of curing for 66 gold pieces
  9393 | Orc:1    | Entered Level 1 of the Orcish Mines
  9413 | D:10     | Reached skill level 15 in Unarmed Combat
  9631 | Orc:1    | Found a transporter.
  9671 | Orc:1    | Noticed Girueck's ghost (journeyman DEFE)
  9945 | Orc:1    | Found a transporter.
  9983 | Orc:1    | Noticed Fannar
  9991 | Orc:1    | Killed Fannar
 10024 | Orc:1    | Found Guolaots's Antique Weapon Shop.
 10596 | Orc:2    | Entered Level 2 of the Orcish Mines
 10596 | Orc:2    | Noticed an orc sorcerer
 10596 | Orc:2    | Found a staircase to the Elven Halls.
 10597 | Orc:2    | Noticed an orc sorcerer
 10826 | Lair:1   | Entered Level 1 of the Lair of Beasts
 11077 | Lair:1   | Reached XP level 12. HP: 116/119 MP: 11/11
 11715 | Lair:2   | Found a dark tunnel.
 11721 | Volcano  | Entered a volcano
 11737 | Volcano  | Noticed a centaur warrior
 11742 | Volcano  | Found a radiant altar of Vehumet.
 11748 | Volcano  | Noticed a red draconian
 11758 | Volcano  | Killed a centaur warrior
 11772 | Volcano  | Killed a red draconian
 12273 | Lair:2   | Found a hole to the Spider Nest.
 12405 | Lair:2   | Reached skill level 16 in Unarmed Combat
 13211 | Lair:3   | Found a staircase to the Swamp.
 13393 | Lair:3   | Reached XP level 13. HP: 114/130 MP: 12/12
 14311 | Lair:4   | Reached skill level 10 in Shields
 14311 | Lair:4   | Reached skill level 17 in Unarmed Combat
 14422 | Lair:4   | Found a viscous altar of Jiyva.
 14422 | Lair:4   | Found a staircase to the Slime Pits.
 14703 | Lair:4   | Found a large runed translucent door.
 14704 | Lair:4   | Found a large runed translucent door.
 14767 | Lair:4   | Noticed Lutefisk's ghost (journeyman MfGl)
 14928 | Lair:5   | Entered Level 5 of the Lair of Beasts
 15401 | Lair:4   | Reached XP level 14. HP: 86/141 MP: 13/13
 15538 | Lair:5   | Reached skill level 10 in Fighting
 15538 | Lair:5   | Reached skill level 18 in Unarmed Combat
 15682 | Lair:5   | Reached skill level 10 in Dodging
 16455 | Orc:2    | Noticed an orc warlord
 16525 | Orc:1    | Killed an orc warlord
 17053 | Orc:2    | Noticed Urug
 17071 | Orc:2    | Killed Urug
 17074 | Orc:2    | Noticed an orc warlord
 17099 | Orc:2    | Killed an orc warlord
 17379 | Orc:2    | Found Pahaz Imi's Book Emporium.
 17453 | Orc:2    | Found Taali's Book Shoppe.
 17469 | Orc:2    | Found Ilaab's Antique Weapon Shoppe.
 17485 | Orc:2    | Found Tiec's General Store.
 17532 | Orc:2    | Found Qixihid's Antique Armour Shoppe.
 17554 | Orc:2    | Bought 2 potions of heal wounds for 130 gold pieces
 17554 | Orc:2    | Bought a potion of curing for 39 gold pieces
 17740 | Spider:1 | Entered Level 1 of the Spider Nest
 17773 | Spider:1 | Reached skill level 19 in Unarmed Combat
 17899 | Spider:1 | Noticed an emperor scorpion
 17923 | Spider:1 | Killed an emperor scorpion
 18073 | Spider:1 | Reached XP level 15. HP: 152/152 MP: 14/14
 19524 | Spider:2 | Identified the +1 leather armour of Day {Int+4}
 19660 | Spider:3 | Noticed Mara
 19666 | Spider:3 | Noticed an emperor scorpion
 19732 | Spider:3 | Noticed stormannn's illusion
 19759 | Spider:2 | Noticed stormannn's illusion
 19764 | Spider:2 | Annihilated by stormannn's illusion (illusionary)

Illustrated notes

Levels and vault maps discovered:
D:1:      ncdulo_smallfort, layout_basic, serial_shops, nicolae_square_shop,
          dreamdust_ecumenical_altar_drowned_temple
D:2:      wander_river, layout_loops_cross, basic_altar,
          wander_ebering_terrifying_dragon_lair
D:3:      layout_rooms, minivault_14, uniq_robin, uniq_terence, uniq_ijyb
D:4:      layout_loops_ring, nicolae_wu_jian_wuxing_cycle,
          nicolae_uskayaw_murder_on_the_dancefloor,
          nicolae_overflow_hidden_temple, ebering_ghost_rock_garden
D:5:      layout_basic, uniq_prince_ribbit1
D:6:      layout_basic, minitemple, kennysheep_opposing_triangles, uniq_duvessa
D:7:      layout_cave_pods, minmay_temple_entry_drinking_statues,
          lightli_ossuary_entry_decrepit_ruins, chequers_serial_rivers_small_3,
          sigmund_edmund_badplayer
D:8:      layout_basic, lair_entry_dummy, minmay_ruined_shrine, uniq_maggie
D:9:      layout_cave_pools, enter_bailey_8, kennysheep_big_empty_room,
          chequers_avenue, chequers_serial_rivers_small_a
D:10:     layout_roguey, david_orc_2, dreamdust_mushroom_princess
D:11:     layout_roguey, gammafunk_ghost_necromancy, serial_shops,
          nicolae_shop_advertising_works [nicolae_subvault_shop_adworks],
          billiards_dpeg, uniq_maurice, uniq_lodul
D:12:     layout_basic, lemuel_flame_loot_1
Lair:1:   layout_cave_pods, serial_forest, infiniplex_forest_straight_3,
          infiniplex_forest_clump_double, infiniplex_forest_end_1,
          infiniplex_forest_straight_5, infiniplex_forest_3_way,
          infiniplex_forest_clump_curved, infiniplex_forest_clump_small,
          infiniplex_forest_clump_double, infiniplex_forest_side_room,
          infiniplex_forest_lined_corner
Lair:2:   layout_chaotic_city, hellmonk_spider_entry_life_and_decay,
          nicolae_volcano_entry_lava_flow, hibernation_bobbens,
          lemuel_fruit_tree, serial_bayou_shore_a
Lair:3:   layout_concentric_octagons, minmay_swamp_entry_swarm,
          gauntlet_entry_generic, cheibrodos_lair_lostbears,
          infiniplex_staircase_pool_2, grunt_megastairs_3
Lair:4:   layout_layer_cave, minmay_slime_entry_pillars,
          ebering_ghost_disaster_area, grunt_megastairs_1,
          infiniplex_staircase_pool
Lair:5:   evil_forest, layout_loops_ring, lemuel_fruit_fields
Spider:1: layout_spider_delve, nicolae_spider_webbed_stairs
Spider:2: layout_spider_delve, hangedman_spider_trapstep
Spider:3: layout_spider_delve, portal_ice_cave_entry_ice_statue_one,
          hangedman_spider_tarantella_strand, uniq_mara, uniq_aizul
Orc:1:    layout_caves, gammafunk_ghost_stat_death, serial_shops,
          nicolae_shop_competitors_out_of_business, uniq_fannar
Orc:2:    grunt_orc_cross, layout_caves, serial_shops, nicolae_shop_statue_plus,
          nicolae_orc_lava_tube

Skill      XL: |  1  2  3  4  5  6  7  8  9 10 11 12 13 14 15 |
---------------+----------------------------------------------+-----
Shields        | 3 4 5 6 7 8 9 10 11 | 11.9
Unarmed Combat | 3 4 5 8 10 12 14 15 16 17 19 | 19.4
Fighting       | 3 4 5 6 7 8 9 10 11 | 11.1
Dodging        | 3 4 5 6 7 8 9 10 11 | 11.0

Action                   |  1- 3 |  4- 6 |  7- 9 | 10-12 | 13-15 || total
-------------------------+-------+-------+-------+-------+-------++-------
Melee: Unarmed           |    62 |   119 |   251 |   606 |   941 ||  1979
Throw: Dart              |       |       |       |       |     2 ||     2
Evoke: Wand              |       |     2 |       |     2 |     8 ||    12
       Tin of tremorston |       |       |       |       |     3 ||     3
  Use: Scroll            |     2 |     9 |     7 |     9 |     5 ||    32
       Potion            |     2 |       |     1 |     7 |    32 ||    42
 Stab: Sleeping          |     1 |       |       |       |       ||     1
       Petrified         |       |       |       |       |     4 ||     4
       Invisible         |       |       |       |       |     3 ||     3
Armor: Robe              |    32 |    31 |    63 |    30 |       ||   156
       Troll leather arm |       |       |       |    28 |   155 ||   183
Dodge: Dodged            |    24 |    71 |   121 |   207 |   302 ||   725
Block: Kite shield       |     4 |       |       |   201 |   688 ||   893
       Orb               |       |       |       |    36 |       ||    36
       Reflection        |       |       |       |     8 |    10 ||    18
       Other             |       |       |       |     2 |       ||     2
